why build anything else just get rifles peak game play

Match 30177682
End
Construct Barracks
Riflemen Squad
Riflemen Squad
Riflemen Squad
Construct Medical Station
Riflemen Squad
Grenade Package
Riflemen Squad
Infantry Support Center
Riflemen Squad
Selects Advanced Infantry Battlegroup
Selects Convert to Ranger Squad
Selects Designate Assault Position
M1918 Browning Automatic Rifles
Advanced Logistics
Selects Infantry Assault
Infantry Assault
Infantry Assault
Survival Training
Infantry Assault
Riflemen Squad
Selects Ammunition Storage
Selects M2A1 105mm Howitzer Emplacement
Infantry Assault
Riflemen Squad
Infantry Assault
Riflemen Squad
Ashed Hippocampus
ZuluKobra
0
0

Comments sign in to comment!

IIGaryII 11 months ago

Hello Rei, and thanks you for this exchange !! Well, this game is really interesting. To resume, Zulu build a MG42 soon on 1v1 game => "Game Over" !! Okay, look for tactics and strategies !! ... First, "support units" works only on the specifics issues AND only if your "frontline" can keep the line. A "pretty" basic thing in strategy !! ... ... Second, on WM side, a Pioneer first is already a "bet" : US side maked an Engineer, or a Scout, or a Jeep ... ... Third, on WM side, a Pioneer + MG42 soon, without seeing any support units on US Side => Huh !? => "map control" begin to fly for the WM ... ... Fourth, on WM side, "no veteran payed, Flamethrower too" => Huh !? => T1 veteran give a huge upgrade. Specificly, Grenadiers get +10% accurancy, +10% harder to hit, and Pioneer can deliver DPS => That balance the frontline fight vs Riflemen => Under number, under powered, Zulu fall in the defeat... ... 5th, on WM side, 221 is "ok" for many reasons, Jager and T2 Vet too !! But, US side take BARS and continue to build and show Riflemen, while Zulu respond with a second support unit (AA Canon 20mm) => Huh !? => This issue is too unbalanced => Zulu go to "drink the cup", helped by "US Shadow's army"... ... 6th, Zulu (WM side) understands too late the issue. "Full Jager" come, but without G43 => Huh !? ... ... Finally, Rei is everywhere with veteran US Riflemen now. Zulu, catch up by the game, try to give anwsers ... And stay ungrouped/split. Impossible to reverse the issue !! => In this game, Rei showed why you need to think carefully before building a support unit on 1v1 CoH <=